| TOP OF THE 1ST |
|
Florida Marlins batting - Pitching for Cincinnati Reds : RHP Joey Hamilton
|
|
Pitching: RHP Joey Hamilton
|
|
|
Batting: SHB Luis Castillo
|
0-0: Foul Ball, location: 2F 0-1: Foul Ball, location: 2F 0-2: Ball 1-2: Ball 2-2: Foul Ball, location: 2F 2-2: Fly out, F7 (Flyball, 7LMF, EV 98.1 MPH)
|
|
Batting: RHB Edgardo Alfonzo
|
0-0: Called Strike 0-1: Fly out, F8 (Flyball, 8LD, EV 104.4 MPH)
|
|
Batting: SHB Bobby Bonilla
|
0-0: Foul Ball, location: 2F 0-1: Ball 1-1: Called Strike 1-2: Ball 2-2: Foul Ball, location: 2F 2-2: Strikes out looking
|
| Top of the 1st over - 0 runs, 0 hits, 0 errors, 0 left on base; Florida 0 - Cincinnati 0 |
| BOTTOM OF THE 1ST |
|
Cincinnati Reds batting - Pitching for Florida Marlins : RHP Kevin Appier
|
|
Pitching: RHP Kevin Appier
|
|
|
Batting: LHB Fernando Vina
|
0-0: Ball 1-0: TRIPLE (Line Drive, 8LXD, EV 104.4 MPH)
|
|
Batting: RHB Scott Rolen
|
0-0: DOUBLE (Flyball, 78XD, EV 104.4 MPH) Fernando Vina scores
|
|
Batting: SHB Bernie Williams
|
0-0: Ball 1-0: Foul Ball, location: 2F 1-1: Foul Ball, location: 2F 1-2: Ball 2-2: Strikes out swinging
|
|
Batting: LHB Bobby Higginson
|
0-0: Foul Ball, location: 2F 0-1: Swinging Strike 0-2: Ball 1-2: Hit by Pitch
|
|
Batting: RHB Javy Lopez
|
0-0: Called Strike 0-1: Ball 1-1: Called Strike 1-2: Ball 2-2: Ball 3-2: Grounds into double play, 3-6-1 (Groundball, 34, EV 105.0 MPH)
|
| Bottom of the 1st over - 1 run, 2 hits, 0 errors, 1 left on base; Florida 0 - Cincinnati 1 |
| TOP OF THE 2ND |
|
Florida Marlins batting - Pitching for Cincinnati Reds : RHP Joey Hamilton
|
|
Batting: RHB Richie Sexson
|
0-0: Called Strike 0-1: Ball 1-1: Ball 2-1: Called Strike 2-2: Strikes out swinging
|
|
Batting: RHB Charles Johnson
|
0-0: Ball 1-0: Ball 2-0: Ball 3-0: Foul Ball, location: 2F 3-1: Called Strike 3-2: Base on Balls
|
|
Batting: RHB Rondell White
|
0-0: Called Strike 0-1: Called Strike 0-2: Strikes out swinging
|
|
Batting: RHB Juan Encarnacion
|
0-0: Called Strike 0-1: Foul Ball, location: 2F 0-2: Foul Ball, location: 2F 0-2: Ball 1-2: Strikes out swinging
|
| Top of the 2nd over - 0 runs, 0 hits, 0 errors, 1 left on base; Florida 0 - Cincinnati 1 |
| BOTTOM OF THE 2ND |
|
Cincinnati Reds batting - Pitching for Florida Marlins : RHP Kevin Appier
|
|
Batting: LHB Fred McGriff
|
0-0: Called Strike 0-1: Ground out 6-3 (Groundball, 4M, EV 103.8 MPH)
|
|
Batting: SHB Scott Spiezio
|
0-0: Called Strike 0-1: Ground out U3 (Groundball, 3, EV 93.1 MPH)
|
|
Batting: SHB Omar Vizquel
|
0-0: Ball 1-0: Ball 2-0: Ball 3-0: Called Strike 3-1: SINGLE (Line Drive, 4MD, EV 98.8 MPH)
|
|
Batting: SHB Dwayne Hosey
|
0-0: Ball 1-0: Swinging Strike 1-1: Foul Ball, location: 2F 1-2: Ground out 4-3 (Groundball, 4, EV 108.8 MPH)
|
| Bottom of the 2nd over - 0 runs, 1 hit, 0 errors, 1 left on base; Florida 0 - Cincinnati 1 |
| TOP OF THE 3RD |
|
Florida Marlins batting - Pitching for Cincinnati Reds : RHP Joey Hamilton
|
|
Batting: LHB Craig Counsell
|
0-0: Ground out 5-3 (Groundball, 56, EV 101.9 MPH)
|
|
Batting: RHB Lance Blankenship
|
0-0: Ball 1-0: Ball 2-0: Ball 3-0: Called Strike 3-1: Foul Ball, location: 2F 3-2: Base on Balls
|
|
Batting: SHB Luis Castillo
|
0-0: Ball 1-0: Called Strike 1-1: Foul Ball, location: 2F 1-2: DOUBLE (Flyball, 8RD, EV 95.6 MPH) Lance Blankenship to third Runner from 3rd tries for Home, SAFE, throw by CF to trailing runner, SAFE at third!
|
|
Batting: RHB Edgardo Alfonzo
|
0-0: Ball 1-0: Foul Ball, location: 2F 1-1: Ground out 6-3 (Groundball, 6, EV 92.5 MPH) Luis Castillo scores
|
|
Batting: SHB Bobby Bonilla
|
0-0: SINGLE (Groundball, 5D, EV 102.5 MPH)
|
|
Batting: RHB Richie Sexson
|
0-0: Called Strike 0-1: Ball 1-1: Swinging Strike 1-2: Ball 2-2: Strikes out swinging
|
| Top of the 3rd over - 2 runs, 2 hits, 0 errors, 1 left on base; Florida 2 - Cincinnati 1 |
| BOTTOM OF THE 3RD |
|
Cincinnati Reds batting - Pitching for Florida Marlins : RHP Kevin Appier
|
|
Batting: LHB Fernando Vina
|
0-0: Ground out U3 (Groundball, 3, EV 89.4 MPH)
|
|
Batting: RHB Scott Rolen
|
0-0: Ball 1-0: Foul Ball, location: 2F 1-1: Foul Ball, location: 2F 1-2: Fly out, F7 (Line Drive, 7, EV 92.5 MPH)
|
|
Batting: SHB Bernie Williams
|
0-0: Called Strike 0-1: Ball 1-1: Ball 2-1: Foul Ball, location: 2F 2-2: Ball 3-2: Foul Ball, location: 2F 3-2: SINGLE (Flyball, 8RS, EV 91.3 MPH)
|
|
Batting: LHB Bobby Higginson
|
0-0: Ball 1-0: Ball 2-0: Ball Bernie Williams steals 2nd base 3-0: Fly out, F7 (Flyball, 78M, EV 94.4 MPH)
|
| Bottom of the 3rd over - 0 runs, 1 hit, 0 errors, 1 left on base; Florida 2 - Cincinnati 1 |
| TOP OF THE 4TH |
|
Florida Marlins batting - Pitching for Cincinnati Reds : RHP Joey Hamilton
|
|
Batting: RHB Charles Johnson
|
0-0: Ball 1-0: Foul Ball, location: 2F 1-1: Ball 2-1: Fly out, F8 (Flyball, 8RS, EV 85.6 MPH)
|
|
Batting: RHB Rondell White
|
0-0: Ball 1-0: Foul Ball, location: 2F 1-1: Called Strike 1-2: Strikes out swinging
|
|
Batting: RHB Juan Encarnacion
|
0-0: Foul Ball, location: 2F 0-1: Ground out 6-3 (Groundball, 6, EV 86.3 MPH)
|
| Top of the 4th over - 0 runs, 0 hits, 0 errors, 0 left on base; Florida 2 - Cincinnati 1 |
| BOTTOM OF THE 4TH |
|
Cincinnati Reds batting - Pitching for Florida Marlins : RHP Kevin Appier
|
|
Batting: RHB Javy Lopez
|
0-0: Called Strike 0-1: Ball 1-1: Called Strike 1-2: Strikes out swinging
|
|
Batting: LHB Fred McGriff
|
0-0: Called Strike 0-1: Swinging Strike 0-2: Foul Ball, location: 2F 0-2: Fly out, F2 (Popup, 25F, EV 87.5 MPH)
|
|
Batting: SHB Scott Spiezio
|
0-0: Ball 1-0: Ball 2-0: Foul Ball, location: 2F 2-1: Swinging Strike 2-2: Ball 3-2: Strikes out swinging
|
| Bottom of the 4th over - 0 runs, 0 hits, 0 errors, 0 left on base; Florida 2 - Cincinnati 1 |
| TOP OF THE 5TH |
|
Florida Marlins batting - Pitching for Cincinnati Reds : RHP Joey Hamilton
|
|
Batting: LHB Craig Counsell
|
0-0: Ball 1-0: Foul Ball, location: 2F 1-1: Swinging Strike 1-2: Strikes out swinging
|
|
Batting: RHB Lance Blankenship
|
0-0: Called Strike 0-1: Ball 1-1: Ball 2-1: Fly out, F8 (Line Drive, 8RM, EV 107.5 MPH)
|
|
Batting: SHB Luis Castillo
|
0-0: Called Strike 0-1: Foul Ball, location: 2F 0-2: Strikes out looking
|
| Top of the 5th over - 0 runs, 0 hits, 0 errors, 0 left on base; Florida 2 - Cincinnati 1 |
| BOTTOM OF THE 5TH |
|
Cincinnati Reds batting - Pitching for Florida Marlins : RHP Kevin Appier
|
|
Batting: SHB Omar Vizquel
|
0-0: Called Strike 0-1: Ball 1-1: Foul Ball, location: 2F 1-2: Foul Ball, location: 2F 1-2: Ball 2-2: TRIPLE (Flyball, 89XD, EV 91.9 MPH)
|
|
Batting: SHB Dwayne Hosey
|
0-0: Foul Ball, location: 2F 0-1: Ball 1-1: Swinging Strike 1-2: Ball 2-2: Foul Ball, location: 2F 2-2: Ground out 4-3 (Groundball, 4S, EV 83.8 MPH) Omar Vizquel scores
|
|
Batting: LHB Fernando Vina
|
0-0: Ball 1-0: Ground out 3-1 (Groundball, 34S, EV 79.4 MPH)
|
|
Batting: RHB Scott Rolen
|
0-0: Ball 1-0: Called Strike 1-1: Swinging Strike 1-2: Ball 2-2: DOUBLE (Line Drive, 5D, EV 106.9 MPH)
|
|
Batting: SHB Bernie Williams
|
0-0: Ball 1-0: Ground out 4-3 (Groundball, 34D, EV 103.8 MPH)
|
| Bottom of the 5th over - 1 run, 2 hits, 0 errors, 1 left on base; Florida 2 - Cincinnati 2 |
| TOP OF THE 6TH |
|
Florida Marlins batting - Pitching for Cincinnati Reds : RHP Joey Hamilton
|
|
Batting: RHB Edgardo Alfonzo
|
0-0: Ball 1-0: Swinging Strike 1-1: Ball 2-1: Foul Ball, location: 2F 2-2: Strikes out swinging
|
|
Batting: SHB Bobby Bonilla
|
0-0: Ball 1-0: Ground out 2-3 (Groundball, 15S, EV 69.4 MPH)
|
|
Batting: RHB Richie Sexson
|
0-0: Called Strike 0-1: Ball 1-1: Called Strike 1-2: Strikes out swinging
|
| Top of the 6th over - 0 runs, 0 hits, 0 errors, 0 left on base; Florida 2 - Cincinnati 2 |
| BOTTOM OF THE 6TH |
|
Cincinnati Reds batting - Pitching for Florida Marlins : RHP Kevin Appier
|
|
Batting: LHB Bobby Higginson
|
0-0: Ball 1-0: Called Strike 1-1: Foul Ball, location: 2F 1-2: Ground out 4-3 (Groundball, 4, EV 104.4 MPH)
|
|
Batting: RHB Javy Lopez
|
0-0: Ball 1-0: Called Strike 1-1: Called Strike 1-2: Strikes out looking
|
|
Batting: LHB Fred McGriff
|
0-0: Ball 1-0: Ball 2-0: Called Strike 2-1: Foul Ball, location: 2F 2-2: Ball 3-2: Ground out 4-3 (Groundball, 4, EV 82.5 MPH)
|
| Bottom of the 6th over - 0 runs, 0 hits, 0 errors, 0 left on base; Florida 2 - Cincinnati 2 |
| TOP OF THE 7TH |
|
Florida Marlins batting - Pitching for Cincinnati Reds : RHP Joey Hamilton
|
|
Batting: RHB Charles Johnson
|
0-0: Called Strike 0-1: Ball 1-1: Swinging Strike 1-2: DOUBLE (Line Drive, 9LD, EV 109.4 MPH)
|
|
Batting: RHB Rondell White
|
0-0: SINGLE (Flyball, 89S, EV 96.9 MPH) - OUT at second base trying to stretch hit. Charles Johnson scores
|
|
Batting: RHB Juan Encarnacion
|
0-0: Foul Ball, location: 2F 0-1: Swinging Strike 0-2: Fly out, F8 (Flyball, 8RM, EV 90.0 MPH)
|
|
Batting: LHB Craig Counsell
|
0-0: Called Strike 0-1: Called Strike 0-2: Reached on error, E8 (Flyball, 8RS, EV 86.9 MPH)
|
|
Batting: RHB Lance Blankenship
|
0-0: Called Strike 0-1: Ball 1-1: Ball 2-1: Ball 3-1: Base on Balls
|
|
Batting: SHB Luis Castillo
|
0-0: Ball 1-0: Ball 2-0: Ground out U3 (Groundball, 3L, EV 87.5 MPH)
|
| Top of the 7th over - 1 run, 2 hits, 1 error, 2 left on base; Florida 3 - Cincinnati 2 |
| BOTTOM OF THE 7TH |
|
Cincinnati Reds batting - Pitching for Florida Marlins : RHP Kevin Appier
|
|
Batting: SHB Scott Spiezio
|
0-0: Fly out, F9 (Flyball, 89S, EV 92.5 MPH)
|
|
Batting: SHB Omar Vizquel
|
0-0: Ball 1-0: Ball 2-0: Called Strike 2-1: Swinging Strike 2-2: Ball 3-2: Strikes out swinging
|
|
Batting: SHB Dwayne Hosey
|
0-0: Called Strike 0-1: Ball 1-1: Foul Ball, location: 2F 1-2: Ball 2-2: Ball 3-2: Ground out 1-3 (Groundball, 13S, EV 65.0 MPH)
|
| Bottom of the 7th over - 0 runs, 0 hits, 0 errors, 0 left on base; Florida 3 - Cincinnati 2 |
| TOP OF THE 8TH |
|
Florida Marlins batting - Pitching for Cincinnati Reds : RHP Joey Hamilton
|
|
Batting: RHB Edgardo Alfonzo
|
0-0: Called Strike 0-1: Fly out, F7 (Flyball, 7S, EV 74.4 MPH)
|
|
Batting: SHB Bobby Bonilla
|
0-0: Called Strike 0-1: Ball 1-1: Ball 2-1: Foul Ball, location: 2F 2-2: SINGLE (Line Drive, 7S, EV 98.1 MPH)
|
|
Batting: RHB Richie Sexson
|
0-0: Foul Ball, location: 2F 0-1: Ball 1-1: Ball 2-1: Ball 3-1: Foul Ball, location: 2F 3-2: Strikes out looking Bobby Bonilla is caught stealing 2nd base 2-4 Batter strikes out.
|
| Top of the 8th over - 0 runs, 1 hit, 0 errors, 0 left on base; Florida 3 - Cincinnati 2 |
| BOTTOM OF THE 8TH |
|
Cincinnati Reds batting - Pitching for Florida Marlins : RHP Kevin Appier
|
|
Batting: LHB Fernando Vina
|
0-0: Hit by Pitch
|
|
Pitching: RHP Bryan Harvey
|
|
|
Batting: RHB Scott Rolen
|
0-0: Called Strike 0-1: Swinging Strike 0-2: SINGLE (Flyball, 9LM, EV 101.9 MPH) Fernando Vina to second
|
|
Batting: SHB Bernie Williams
|
0-0: Called Strike 0-1: Ball 1-1: SINGLE (Groundball, 56D, EV 97.5 MPH) Fernando Vina to third Scott Rolen to second Runner from 3rd tries for Home, SAFE, throw by LF to home
|
|
Batting: LHB Bobby Higginson
|
0-0: Ball 1-0: SINGLE (Line Drive, 9LS, EV 90.6 MPH) Scott Rolen to third Bernie Williams to second Runner from 3rd tries for Home, SAFE, throw by RF to home
|
|
Batting: RHB Javy Lopez
|
0-0: Called Strike 0-1: Ball 1-1: Ball 2-1: Grounds into double play, 5-4-3 (Groundball, 56, EV 86.9 MPH) Bernie Williams to third
|
|
Batting: LHB Fred McGriff
|
0-0: Foul Ball, location: 2F 0-1: Called Strike 0-2: Strikes out swinging
|
| Bottom of the 8th over - 2 runs, 3 hits, 0 errors, 1 left on base; Florida 3 - Cincinnati 4 |
| TOP OF THE 9TH |
|
Florida Marlins batting - Pitching for Cincinnati Reds : RHP Joey Hamilton
|
|
Pitching: RHP Doug Henry
|
|
|
Batting: RHB Charles Johnson
|
0-0: Ball 1-0: Swinging Strike 1-1: Called Strike 1-2: Ball 2-2: Ball 3-2: Foul Ball, location: 2F 3-2: Strikes out looking
|
|
Batting: RHB Rondell White
|
0-0: Called Strike 0-1: Ball 1-1: Foul Ball, location: 2F 1-2: Ball 2-2: Foul Ball, location: 2F 2-2: Ball 3-2: Foul Ball, location: 2F 3-2: Foul Ball, location: 2F 3-2: Foul Ball, location: 2F 3-2: Foul Ball, location: 2F 3-2: Foul Ball, location: 2F 3-2: Ground out 6-3 (Groundball, 56S, EV 76.3 MPH)
|
|
Batting: RHB Juan Encarnacion
|
0-0: Ground out 1-3 (Groundball, P, EV 68.1 MPH)
|
| Top of the 9th over - 0 runs, 0 hits, 0 errors, 0 left on base; Florida 3 - Cincinnati 4 |
|